Map: Ulrena

Players

Xandros - Winner!

  • Race: Zerg Zerg

IA (Difícil) 1

  • Race: Protoss Protoss

VOD

Have the link to the VOD?

Description

Time

  • Played on: Nov. 19, 2015, 5:04 a.m.
  • Length: 24:53
Show
View Real Time Build Order
Export as new Build Order

Xandros Zerg - Winner!

Build Orders: Pool First 

Get SALT Encoding   

  12  0:03  Drone  
  13  0:10  Drone  
  14  0:17  Overlord  
  14  0:37  Spawning Pool  
  14  0:42  Drone x2  
  15  0:45  Drone  
  15  0:49  Extractor  
  15  0:53  Drone  
  16  1:03  Drone  
  17  1:14  Drone  
  18  1:30  Drone  
  19  1:40  Queen  
  19  1:44  Hatchery  
  20  1:47  Overlord  
  20  1:51  Drone  
  21  2:00  Extractor  
  21  2:01  Drone  
  21  2:19  Zergling x2  
  22  2:31  Drone  
  22  2:32  Drone  
  22  2:36  Queen  
  26  2:42  Zergling x2  
  27  2:53  Evolution Chamber  
  27  2:55  Roach Warren  
  27  2:56  Drone  
  26  3:00  Zergling x2  
  27  3:22  Zerg Ground Armor Level 1  
  27  3:24  Metabolic Boost  
  27  3:26  Zergling x2  
  27  3:27  Zergling x4  
  30  3:28  Zergling x2  
  31  3:36  Overlord  
  31  3:41  Roach  
  31  3:47  Lair  
  34  4:02  Drone  
  34  4:03  Drone x2  
  34  4:20  Roach  
  34  4:21  Roach x2  
  40  4:37  Spine Crawler  
  32  4:55  Zergling x2  
  32  4:56  Zergling x8  
  32  4:57  Zergling x2  
  30  5:09  Roach  
  30  5:10  Roach x3  
  34  5:24  Queen  
  32  5:39  Drone x3  
  35  5:57  Hydralisk Den  
  34  5:58  Burrow  
  34  6:00  Drone x2  
  36  6:08  Drone  
  36  6:09  Drone  
  38  6:14  Overlord  
  42  6:32  Roach  
  42  6:33  Roach x2  
  42  6:34  Hydralisk  
  46  6:40  Drone x2  
  46  6:43  Drone  
  49  7:00  Hydralisk  
  51  7:09  Overlord x2  
  51  7:14  Extractor  
  51  7:15  Drone  
  51  7:30  Hydralisk x4  
  51  7:31  Hydralisk  
  61  7:40  Drone  
  61  7:41  Drone x2  
  61  7:43  Drone  
  61  7:44  Drone x2  
  67  7:53  Spine Crawler  
  65  8:38  Overlord x2  
  65  8:40  Overlord  
  65  9:11  Extractor  
  64  9:17  Hydralisk  
  64  9:18  Hydralisk x2, Roach x2  
  64  9:19  Roach  
  64  9:22  Lurker Den  
  76  9:24  Zerg Ground Armor Level 2  
  76  9:25  Hatchery  
  75  9:35  Infestation Pit  
  74  9:41  Zergling x6  
  74  9:42  Zergling x12  
  74  9:43  Zergling x2  
  84  9:57  Overseer  
  84  10:30  Overlord  
  84  10:31  Overlord x2  
  84  10:36  Glial Reconstitution  
  84  10:40  Hive  
  84  10:49  Lurker x2  
  87  10:50  Lurker  
  87  10:57  Roach  
  87  10:58  Roach x3  
  87  11:00  Ravager x2  
  87  11:01  Ravager  
  87  11:02  Ravager  
  79  11:47  Hydralisk x2  
  79  11:48  Hydralisk x9  
  79  11:52  Queen  
  103  11:58  Queen  
  103  12:00  Drone  
  106  12:08  Overlord x3  
  106  12:09  Overlord  
  106  12:25  Roach  
  106  12:26  Roach x4  
  116  12:54  Roach x2  
  116  12:55  Roach  
  116  12:56  Roach  
  93  14:02  Zergling x14  
  87  14:17  Roach x2  
  89  14:45  Zergling x6  
  92  14:46  Zergling x2  
  93  15:01  Hydralisk  
  93  15:02  Hydralisk x5  
  51  15:50  Extractor  
  51  15:53  Zergling x2  
  51  15:54  Zergling x12  
  51  15:55  Zergling x2  
  58  15:58  Overlord  
  58  16:03  Roach x5  
  58  16:04  Roach  
  70  16:10  Lurker x3  
  73  16:28  Hydralisk x3, Roach  
  73  16:29  Roach x2  
  85  16:35  Hydralisk  
  85  16:36  Hydralisk x4, Roach x2  
  85  16:37  Hydralisk x2, Roach x5  
  113  16:42  Ravager x3  
  116  16:57  Zerg Ground Armor Level 3  
  86  17:37  Roach  
  86  17:38  Hydralisk x3  
  86  17:39  Hydralisk, Roach x4  
  86  17:40  Zergling x8  
  106  18:03  Zergling x8  
  106  18:04  Zergling x8  
  114  18:08  Roach x2  
  94  19:09  Zergling x4  
  95  19:10  Zergling x14  
  95  19:14  Zergling x6  
  95  19:15  Zergling x8  
  87  19:45  Hydralisk x3  
  81  19:46  Hydralisk, Roach x3  
  81  19:47  Roach  
  92  20:32  Zerg Melee Weapons Level 1  
  92  20:34  Muscular Augments  
  92  20:35  Tunneling Claws  
  90  20:39  Drone  
  90  20:41  Pneumatized Carapace  
  90  20:42  Hydralisk  
  90  20:43  Hydralisk x3, Roach  
  90  20:44  Hydralisk, Roach x3  
  106  21:19  Lurker x2  
  106  21:22  Lurker  
  109  21:48  Hatchery  
  109  21:52  Extractor  
  107  21:59  Hatchery  
  106  22:15  Extractor  
  104  22:26  Zerg Missile Weapons Level 1  
  103  23:14  Overseer  
  103  23:21  Hydralisk  
  103  23:22  Hydralisk x3, Roach x2  
  103  23:23  Hydralisk, Roach x3  
Show
View Real Time Build Order
Export as new Build Order

IA (Difícil) 1 Protoss 

Build Orders:  

Get SALT Encoding   

  12  0:01  Probe (Chrono Boost)  
  13  0:11  Probe (Chrono Boost)  
  14  0:20  Pylon  
  14  0:22  Probe (Chrono Boost)  
  15  0:38  Probe (Chrono Boost)  
  16  0:47  Assimilator  
  16  0:49  Probe (Chrono Boost)  
  17  0:51  Gateway  
  17  0:59  Probe (Chrono Boost)  
  17  1:00  Pylon  
  18  1:10  Probe (Chrono Boost)  
  19  1:22  Probe (Chrono Boost)  
  20  1:36  Zealot  
  22  1:41  Cybernetics Core  
  22  1:43  Gateway  
  22  1:57  Pylon  
  22  2:00  Zealot  
  24  2:09  Warp Gate  
  24  2:22  Probe (Chrono Boost)  
  25  2:26  Zealot  
  27  2:30  Zealot  
  27  2:32  Pylon  
  27  2:33  Probe (Chrono Boost)  
  30  2:39  Assimilator  
  31  2:45  Probe (Chrono Boost)  
  31  2:52  Stalker  
  31  2:53  Forge  
  31  2:56  Probe (Chrono Boost), Adept  
  36  3:08  Probe (Chrono Boost)  
  38  3:20  Probe (Chrono Boost)  
  38  4:02  Protoss Ground Weapons Level 1  
  38  4:09  Photon Cannon  
  38  4:10  Stalker  
  38  4:11  Pylon  
  38  4:13  Photon Cannon  
  40  4:19  Stalker  
  42  4:32  Adept  
  42  4:33  Pylon  
  42  4:36  Robotics Facility  
  44  4:42  Sentry  
  46  4:47  Nexus  
  46  4:51  Stalker  
  46  5:04  Sentry  
  48  5:13  Stalker  
  48  5:25  Observer  
  48  5:27  Zealot  
  43  5:36  Zealot  
  45  5:46  Adept, Observer  
  45  5:47  Protoss Ground Armor Level 1  
  48  5:52  Stargate  
  48  5:57  Gateway  
  48  6:00  Probe (Chrono Boost), Forge  
  48  6:01  Probe (Chrono Boost)  
  50  6:09  Pylon  
  51  6:11  Probe (Chrono Boost)  
  51  6:12  Probe (Chrono Boost)  
  52  6:20  Pylon  
  52  6:22  Probe (Chrono Boost)  
  52  6:23  Probe (Chrono Boost)  
  54  6:33  Twilight Council, Probe (Chrono Boost)  
  54  6:34  Probe (Chrono Boost)  
  56  6:42  Photon Cannon  
  56  6:44  Probe (Chrono Boost)  
  56  6:45  Probe (Chrono Boost)  
  58  6:55  Probe (Chrono Boost)  
  58  6:56  Probe (Chrono Boost), Photon Cannon  
  60  7:06  Probe (Chrono Boost)  
  60  7:08  Probe (Chrono Boost)  
  62  7:17  Probe (Chrono Boost)  
  62  7:19  Probe (Chrono Boost)  
  62  7:20  Assimilator  
  64  7:28  Probe (Chrono Boost)  
  65  7:31  Assimilator  
  65  7:38  Adept  
  65  7:40  Void Ray  
  65  7:42  Gateway, Warp Prism  
  67  7:46  Robotics Facility  
  73  7:53  Nexus  
  73  8:03  Stargate  
  73  8:04  Adept  
  69  8:14  Warp Prism  
  71  8:24  Zealot  
  73  8:30  Zealot  
  73  8:31  Warp Prism  
  77  8:35  Adept  
  79  8:41  Adept  
  79  8:47  Adept, Pylon, Protoss Ground Weapons Level 2  
  83  8:50  Observer, Void Ray  
  83  8:53  Protoss Ground Armor Level 2  
  83  8:55  Probe (Chrono Boost)  
  89  9:09  Probe (Chrono Boost)  
  90  9:11  Probe (Chrono Boost)  
  90  9:13  Probe (Chrono Boost)  
  92  9:20  Probe (Chrono Boost)  
  92  9:23  Probe (Chrono Boost)  
  95  9:24  Probe (Chrono Boost)  
  95  9:31  Probe (Chrono Boost)  
  96  9:36  Probe (Chrono Boost)  
  96  9:37  Probe (Chrono Boost)  
  98  9:42  Probe (Chrono Boost)  
  98  9:45  Robotics Bay  
  99  9:49  Protoss Air Weapons Level 1  
  99  9:50  Probe x2 (Chrono Boost)  
  101  9:54  Probe (Chrono Boost)  
  102  10:01  Probe (Chrono Boost)  
  102  10:03  Probe (Chrono Boost)  
  102  10:05  Probe (Chrono Boost)  
  105  10:08  Pylon  
  105  10:15  Pylon  
  105  10:19  Pylon  
  105  10:25  Gravitic Drive  
  105  10:26  Assimilator  
  105  10:31  Assimilator  
  105  10:35  Templar Archives  
  105  10:41  Photon Cannon  
  105  10:45  Photon Cannon  
  105  10:46  Dark Shrine  
  105  10:53  Protoss Shields Level 1  
  105  10:58  Fleet Beacon  
  105  11:07  Immortal  
  109  11:13  Zealot  
  109  11:17  Zealot  
  107  11:19  Observer Gravitic Boosters  
  107  11:20  Stalker  
  107  11:24  Zealot  
  105  11:31  Protoss Ground Weapons Level 3, Protoss Air Armor Level 1  
  105  11:33  Sentry  
  105  11:35  Immortal  
  111  11:40  Stalker  
  111  11:44  Stalker  
  115  11:48  Sentry  
  117  12:31  Nexus  
  117  12:34  Protoss Ground Armor Level 3  
  117  13:16  Protoss Air Weapons Level 2  
  117  13:23  Zealot  
  117  13:24  Observer  
  117  13:25  Observer  
  117  13:26  Zealot  
  113  13:30  Zealot  
  113  13:34  Zealot  
  109  13:42  Stalker  
  109  13:46  Stalker  
  103  13:50  Adept  
  103  13:53  Adept  
  93  14:00  Protoss Shields Level 2  
  93  14:01  Immortal  
  87  14:03  Assimilator  
  87  14:04  Void Ray  
  87  14:07  Pylon  
  87  14:09  Adept, Assimilator  
  91  14:12  Adept, Pylon  
  91  14:15  Adept  
  91  14:18  Adept  
  93  14:24  Probe (Chrono Boost)  
  93  14:26  Resonating Glaives  
  93  14:29  Stalker  
  95  14:32  Stalker  
  95  14:34  Photon Cannon  
  95  14:35  Sentry  
  95  14:38  Zealot  
  101  14:51  Stalker  
  103  14:54  Stalker  
  103  14:57  Sentry  
  107  15:00  Stalker  
  109  15:12  Zealot  
  111  15:16  Adept  
  111  15:20  Zealot  
  115  15:22  Probe (Chrono Boost)  
  115  15:25  Stalker, Probe (Chrono Boost)  
  115  15:26  Protoss Air Armor Level 2  
  115  15:27  Probe (Chrono Boost)  
  103  15:29  Probe (Chrono Boost)  
  103  15:30  Zealot  
  103  15:33  Probe (Chrono Boost)  
  103  15:34  Adept  
  90  15:37  Probe (Chrono Boost)  
  90  15:39  Probe x2 (Chrono Boost)  
  90  15:40  Adept  
  74  15:44  Probe (Chrono Boost)  
  74  15:46  Adept, Photon Cannon  
  74  15:48  Probe (Chrono Boost)  
  78  15:50  Zealot  
  78  15:53  Sentry  
  78  15:56  Probe x2 (Chrono Boost)  
  84  15:59  Probe (Chrono Boost)  
  84  16:00  Stalker, Probe (Chrono Boost)  
  88  16:04  Protoss Shields Level 3  
  88  16:06  Adept  
  88  16:07  Probe (Chrono Boost)  
  88  16:09  Adept  
  94  16:12  Probe x2 (Chrono Boost)  
  94  16:13  Probe (Chrono Boost)  
  94  16:14  Stalker  
  99  16:18  Probe (Chrono Boost)  
  99  16:21  Adept  
  99  16:23  Probe (Chrono Boost)  
  99  16:24  Probe (Chrono Boost)  
  99  16:25  Probe (Chrono Boost), Adept  
  106  16:28  Adept  
  106  16:30  Probe (Chrono Boost)  
  109  16:34  Probe (Chrono Boost)  
  109  16:36  Probe (Chrono Boost)  
  111  16:59  Colossus  
  111  17:01  Carrier  
  117  17:02  Graviton Catapult  
  119  17:09  Blink  
  119  17:13  Stalker  
  111  17:18  Sentry  
  89  17:24  Colossus  
  89  17:27  Extended Thermal Lance, Carrier  
  89  17:28  Nexus  
  91  17:34  Protoss Air Weapons Level 3  
  91  17:36  Zealot  
  99  17:41  Zealot  
  101  17:45  Zealot  
  101  17:48  Probe (Chrono Boost)  
  103  17:52  Zealot  
  103  17:53  Immortal, Probe (Chrono Boost)  
  103  17:55  Probe (Chrono Boost)  
  103  17:56  Probe (Chrono Boost)  
  109  17:58  Sentry  
  109  18:01  Photon Cannon  
  109  18:04  Sentry  
  99  18:05  Pylon  
  99  18:08  Zealot  
  99  18:11  Pylon  
  86  18:13  Zealot  
  67  18:21  Adept  
  67  18:25  Zealot  
  62  18:31  Stalker  
  63  18:34  Zealot  
  63  18:38  Zealot  
  65  18:42  Zealot  
  65  18:43  Void Ray  
  72  18:48  Probe (Chrono Boost)  
  72  18:49  Immortal  
  72  18:50  Probe x2 (Chrono Boost)  
  72  18:53  Probe (Chrono Boost)  
  65  18:55  Stalker  
  65  19:00  Probe (Chrono Boost)  
  65  19:01  Stalker  
  65  19:02  Probe (Chrono Boost)  
  65  19:07  Stalker, Void Ray  
  60  19:15  Stalker  
  57  19:21  Stalker  
  56  19:27  Zealot  
  56  19:36  Probe (Chrono Boost)  
  56  19:38  Probe (Chrono Boost)  
  51  19:41  Probe (Chrono Boost)  
  51  19:43  Nexus  
  44  19:46  Stalker  
  44  19:52  Stalker  
  47  19:56  Void Ray, Zealot  
  47  20:13  Stalker  
  45  20:19  Stalker  
  39  20:34  Stalker  
  41  20:38  Pylon  
  41  20:40  Stalker  
  36  20:55  Zealot  
  36  21:01  Nexus, Zealot  
  32  21:13  Zealot  
  32  21:22  Zealot  
  38  21:43  Nexus  
  38  21:46  Gateway  
  34  21:56  Probe (Chrono Boost)  
  34  21:58  Probe (Chrono Boost)  
  34  22:00  Probe (Chrono Boost)  
  37  22:06  Probe (Chrono Boost)  
  37  22:07  Pylon  
  38  22:09  Probe (Chrono Boost)  
  38  22:11  Probe (Chrono Boost)  
  40  22:17  Probe (Chrono Boost)  
  40  22:20  Probe (Chrono Boost)  
  40  22:21  Probe (Chrono Boost)  
  36  22:41  Zealot  
  20  23:13  Probe (Chrono Boost)  
  18  23:36  Probe (Chrono Boost)  
  16  23:46  Probe (Chrono Boost)  
  14  23:57  Probe (Chrono Boost)  
  13  24:07  Probe (Chrono Boost)  
  8  24:39  Probe (Chrono Boost)  
Tags
 
Matchup
PvZ
Opening
Pool First
Add a new tag
Caveats
  • Supply blocks, unpowered buildings, or Contaminate may cause inaccurate times.
  • Supply counts are checked every 10 seconds.